 Dungeon Crawl Stone Soup version 0.31-a0-117-g42d8f58691 (webtiles) character file.

Game seed: 3544603953517720899

1472 snarfax the Cleaver (level 8, -2/90 HPs)
             Began as a Gnoll Wanderer on May 30, 2023.
             Killed by nerve-wracking pain
             ... invoked by an orc priest
              (13 damage)
             ... on level 6 of the Dungeon.
             The game lasted 00:13:33 (4215 turns).

snarfax the Cleaver (Gnoll Wanderer)                Turns: 4215, Time: 00:13:35

Health: -2/90      AC: 12    Str: 13    XL:     8   Next: 78%
Magic:  17/17      EV:  8    Int: 11    God:
Gold:   102        SH:  5    Dex: 13    Spells: 19/19 levels left

rFire   . . .        D - +0 broad axe
rCold   . . .        (no shield)
rNeg    . . .        l - +0 chain mail
rPois   +            (no helmet)
rElec   .            i - +0 cloak
rCorr   .            s - +0 pair of gloves
SInv    .            (no boots)
Will    .....        t - amulet of reflection Stlth
                     p - ring of poison resistance
HPRegen 0.35/turn    (no ring)
MPRegen 0.15/turn

%: reflection
@: berserking, very quick
A: fangs 1, strong nose, distributed training
a: no special abilities


You were on level 6 of the Dungeon.
You visited 1 branch of the dungeon, and saw 7 of its levels.

You collected 270 gold pieces.
You spent 168 gold pieces at shops.

Inventory:

Hand Weapons
 a - a +0 heavy war axe
 y - a +1 flail of draining
 D - a +0 broad axe (weapon)
Missiles
 b - 12 poisoned darts (quivered)
 j - 5 atropa-tipped darts
 A - a curare-tipped dart
 B - 6 javelins
Armour
 e - a +0 robe
 i - a +0 cloak (worn)
 l - a +0 chain mail (worn)
 n - a +2 scale mail of fire resistance
 s - a +0 pair of gloves (worn)
 z - a +0 chain mail of poison resistance
Jewellery
 p - a ring of poison resistance (left hand)
 r - an amulet of faith
 t - an amulet of reflection (around neck)
Wands
 w - a wand of acid (11)
 x - a wand of roots (24)
Scrolls
 o - a scroll of poison
 q - 5 scrolls of teleportation
Potions
 c - 2 potions of magic
 d - a potion of heal wounds
 f - 3 potions of enlightenment
 g - 3 potions of berserk rage
 h - a potion of attraction {unknown}
 k - a potion of degeneration {unknown}
 m - 2 potions of invisibility {unknown}
 u - a potion of haste {unknown}
 v - a potion of ambrosia {unknown}
 C - 2 potions of curing


   Skills:
 + Level 3.7 Fighting
 + Level 3.7 Short Blades
 + Level 3.7 Long Blades
 + Level 9.3 Axes
 + Level 3.7 Maces & Flails
 + Level 3.7 Polearms
 + Level 3.7 Staves
 + Level 3.7 Ranged Weapons
 + Level 4.5 Throwing
 + Level 4.5 Armour
 + Level 4.5 Dodging
 + Level 3.7 Stealth
 + Level 3.7 Shields
 + Level 3.7 Unarmed Combat
 + Level 6.3 Spellcasting
 + Level 3.8 Conjurations
 + Level 3.0 Hexes
 + Level 3.0 Summonings
 + Level 3.0 Necromancy
 + Level 3.0 Translocations
 + Level 3.0 Transmutations
 + Level 3.0 Fire Magic
 + Level 3.0 Ice Magic
 + Level 3.0 Air Magic
 + Level 3.0 Earth Magic
 + Level 3.0 Poison Magic
 + Level 4.1 Invocations
 + Level 3.7 Evocations


You had 19 spell levels left.
You didn't know any spells.
Your spell library contained the following spells:

 Spells                   Type           Power      Damage    Failure   Level
 Searing Ray              Conj           22%        2d5       71%         2
 Static Discharge         Conj/Air       22%        2-3/arc   75%         2
 Lesser Beckoning         Tloc           20%        N/A       80%         2
 Gell's Gravitas          Tloc           10%        N/A       95%         3
 Teleport Other           Tloc           10%        N/A       95%         3
 Dispersal                Tloc           5%         N/A       100%        6


Dungeon Overview and Level Annotations

Branches:
Dungeon (7/15)
 Temple: D:4-7

Altars:
Sif Muna
Uskayaw

Shops:
D:2 ?**[*   D:3 *


Innate Abilities, Weirdness & Mutations

You have very sharp teeth.
Your uncanny sense of smell can sniff out nearby items.
Your experience applies equally to all skills.


Message History

You barely miss the orc priest.
The orc priest begins to cast a cantrip, but forgets the words!
The orc warrior closely misses you.
You hit the orc warrior.
The orc warrior is almost dead.
You closely miss the orc priest.
The orc priest calls down the wrath of Beogh upon you.
Pain shoots through your body!
The orc warrior hits you with a +0 short sword.
The orc warrior barely misses you. The orc priest closely misses you.
You barely miss the orc warrior.
The orc warrior is almost dead.
You hit the orc priest but do no damage.
The orc priest hits you but does no damage.
The orc warrior hits you but does no damage.
Unknown command.
You hit the orc warrior but do no damage.
Your bite misses the orc warrior.
The orc warrior is almost dead.
You hit the orc priest but do no damage.
The orc priest closely misses you.
The orc warrior hits you but does no damage.
Unknown command.
You barely miss the orc warrior.
The orc warrior is almost dead.
You hit the orc priest.
The orc priest calls down the wrath of Beogh upon you.
Beogh smites you!
* * * LOW HITPOINT WARNING * * *
The orc warrior hits you but does no damage.
A red film seems to cover your vision as you go berserk!
You feel yourself moving faster!
You feel mighty! The orc priest barely misses you.
The orc warrior barely misses you.
You barely miss the orc warrior.
The orc warrior is almost dead.
You hit the orc priest.
The orc warrior hits you but does no damage.
The orc priest calls down the wrath of Beogh upon you.
Pain shoots through your body!
You die...

#.#.............# ....#
#'#.#######.#.#.#.....#
....##........#.#.....#
.......####.###.#....##
......#####.# #.#....#
............###>#....#
###...######....+....+
# #...##.......o#)...#
# ######...(....@o...#
# #.........)...# #
#.........#...... #
########..#####.. #
#..# . # #..# #... ##.#
∆


You could see an orc warrior and an orc priest.

Vanquished Creatures
  Edmund (D:4)
  A water moccasin (D:5)
  An ice beast (D:5)
  An ogre (D:4)
  A centaur (D:5)
  A phantom (D:4)
  A kobold brigand (D:7)
  A scorpion (D:5)
  A gnoll sergeant (D:5)
  5 hounds
  2 orc priests
  2 jellies
  5 iguanas
  Jessica (D:3)
  A sleepcap (D:3)
  Ijyb (D:3)
  2 orc wizards (D:7)
  3 gnolls (D:5)
  6 adders
  3 dart slugs
  4 orcs
  2 bats
  5 endoplasms
  3 giant cockroaches (D:2)
  8 goblins
  6 hobgoblins
  11 kobolds
  5 quokkas
  A ball python (D:3)
  2 frilled lizards
  5 rats
92 creatures vanquished.

Vanquished Creatures (others)
  A sky beast (D:7)
1 creature vanquished.

Grand Total: 93 creatures vanquished

Notes
Turn   | Place    | Note
-------+----------+-------------------------------------------
     0 | D:1      | snarfax the Gnoll Wanderer began the quest for the Orb.
     0 | D:1      | snarfax set off with the following items: a +0 war axe, 12
                  | poisoned darts, a +0 dagger, a potion of heal wounds, a +0
                  | robe; and the following spells available to memorise:
                  | Searing Ray, Static Discharge.
     0 | D:1      | Reached XP level 1. HP: 13/13 MP: 6/6
   170 | D:1      | Reached XP level 2. HP: 19/19 MP: 7/7
   736 | D:2      | Found Yruaklez's General Store.
   778 | D:2      | Found Lifapp's Antique Armour Boutique.
   865 | D:2      | Found Kizef's Assorted Antiques.
   943 | D:2      | Found a hide-covered altar of Uskayaw.
   989 | D:2      | Found Cuoroqo's General Store.
  1042 | D:2      | Found Socis's Magic Scroll Emporium.
  1154 | D:2      | Reached skill level 5 in Spellcasting
  1154 | D:2      | Reached XP level 3. HP: 25/25 MP: 7/9
  1415 | D:3      | You fall into a shaft and drop 3 floors!
  1464 | D:6      | Reached skill level 1 in Invocations
  1473 | D:5      | Entered Level 5 of the Dungeon
  1478 | D:5      | Reached skill level 1 in Fighting
  1478 | D:5      | Reached skill level 1 in Short Blades
  1478 | D:5      | Reached skill level 1 in Long Blades
  1478 | D:5      | Reached skill level 1 in Maces & Flails
  1478 | D:5      | Reached skill level 1 in Polearms
  1478 | D:5      | Reached skill level 1 in Staves
  1478 | D:5      | Reached skill level 1 in Ranged Weapons
  1478 | D:5      | Reached skill level 1 in Stealth
  1478 | D:5      | Reached skill level 1 in Shields
  1478 | D:5      | Reached skill level 1 in Unarmed Combat
  1478 | D:5      | Reached skill level 1 in Evocations
  1478 | D:5      | Reached XP level 4. HP: 31/32 MP: 11/11
  1523 | D:5      | Reached skill level 1 in Hexes
  1523 | D:5      | Reached skill level 1 in Summonings
  1523 | D:5      | Reached skill level 1 in Necromancy
  1523 | D:5      | Reached skill level 1 in Translocations
  1523 | D:5      | Reached skill level 1 in Transmutations
  1523 | D:5      | Reached skill level 1 in Fire Magic
  1523 | D:5      | Reached skill level 1 in Ice Magic
  1523 | D:5      | Reached skill level 1 in Air Magic
  1523 | D:5      | Reached skill level 1 in Earth Magic
  1523 | D:5      | Reached skill level 1 in Poison Magic
  1552 | D:4      | Found a shimmering blue altar of Sif Muna.
  1629 | D:4      | Reached XP level 5. HP: 29/37 MP: 12/12
  1777 | D:4      | Noticed a phantom
  1792 | D:4      | Killed a phantom
  1793 | D:4      | Reached XP level 6. HP: 39/44 MP: 14/14
  1964 | D:4      | Noticed Edmund
  1988 | D:4      | Killed Edmund
  1989 | D:4      | Reached XP level 7. HP: 47/51 MP: 15/15
  2196 | D:3      | Noticed Jessica
  2198 | D:3      | Killed Jessica
  2209 | D:3      | Found a faded altar of an unknown god.
  2287 | D:3      | Noticed Ijyb
  2294 | D:3      | Killed Ijyb
  2669 | D:3      | Found Sucelec's General Store.
  2680 | D:3      | Bought a potion of curing for 42 gold pieces
  2680 | D:3      | Bought 3 scrolls of teleportation for 126 gold pieces
  2958 | D:5      | Reached skill level 9 in Axes
  3160 | D:5      | Reached XP level 8. HP: 42/58 MP: 16/16
  4215 | D:6      | Killed from afar by an orc priest

Illustrated notes

Levels and vault maps discovered:
D:1:      heliophobic_arrival_enchanted_forest, layout_rooms,
          grunt_decor_resistance
D:2:      layout_basic, serial_shops, nicolae_shop_trees, shop,
          nicolae_lakefront_shop, shop, shop, basic_altar
D:3:      layout_loops_corners, serial_shops, shop, basic_ecumenical_altar,
          chequers_serial_rivers_micro_c, uniq_ijyb, uniq_jessica
D:4:      layout_basic, nicolae_sif_muna_little_library, minmay_circle_x,
          uniq_edmund
D:5:      layout_cave_pools, serial_rivers, chequers_serial_rivers_micro_e,
          chequers_serial_rivers_room_a, chequers_serial_rivers_micro_c,
          chequers_serial_rivers_small_a, minmay_puff
D:6:      layout_basic
D:7:      layout_gridville, minmay_temple_entry_tees,
          nicolae_ossuary_entry_ruins, uniq_prince_ribbit1, uniq_pikel,
          uniq_menkaure

Skill      XL: |  1  2  3  4  5  6  7  8 |
---------------+-------------------------+-----
Conjurations   | 2 3 |  3.8
Spellcasting   | 5 6 |  6.3
Invocations    | 1 2 3 4 |  4.1
Fighting       | 1 2 3 |  3.7
Short Blades   | 1 2 3 |  3.7
Long Blades    | 1 2 3 |  3.7
Maces & Flails | 1 2 3 |  3.7
Polearms       | 1 2 3 |  3.7
Staves         | 1 2 3 |  3.7
Ranged Weapons | 1 2 3 |  3.7
Stealth        | 1 2 3 |  3.7
Shields        | 1 2 3 |  3.7
Unarmed Combat | 1 2 3 |  3.7
Evocations     | 1 2 3 |  3.7
Hexes          | 1 2 3 |  3.0
Summonings     | 1 2 3 |  3.0
Necromancy     | 1 2 3 |  3.0
Translocations | 1 2 3 |  3.0
Transmutations | 1 2 3 |  3.0
Fire Magic     | 1 2 3 |  3.0
Ice Magic      | 1 2 3 |  3.0
Air Magic      | 1 2 3 |  3.0
Earth Magic    | 1 2 3 |  3.0
Poison Magic   | 1 2 3 |  3.0
Throwing       | 3 4 |  4.5
Armour         | 3 4 |  4.5
Dodging        | 3 4 |  4.5
Axes           | 9 |  9.3

Action                     |  1- 3 |  4- 6 |  7- 9 || total
---------------------------+-------+-------+-------++-------
  Melee: War axe           |    65 |    48 |   123 ||   236
         Bite              |     6 |     5 |    16 ||    27
         Punch             |     1 |     1 |     3 ||     5
         Broad axe         |       |       |    14 ||    14
  Throw: Dart              |       |     6 |       ||     6
    Use: Scroll            |     3 |       |     5 ||     8
         Potion            |       |     1 |     2 ||     3
   Stab: Sleeping          |     1 |       |       ||     1
 Armour: Robe              |    11 |       |       ||    11
         Chain mail        |    10 |    31 |   110 ||   151
  Dodge: Dodged            |    39 |    25 |    52 ||   116
  Block: Other             |       |       |    31 ||    31
         Reflection        |       |       |     2 ||     2

Table legend: (Time is in decaauts)
 A = Elapsed time spent in this place.
 B = Non-inter-level travel time spent in this place.
 C = Inter-level travel time spent in this place.
 D = Time resting spent in this place.
 E = Time spent auto-exploring this place.
 F = Levels seen in this place.
 G = Mean time per level.
                   A        B        C        D        E       F      G
               +--------+--------+--------+--------+--------+-----+--------+
         Total |   4343 |   4211 |    132 |    132 |   3170 |   7 |  620.4 |
       Dungeon |   4343 |   4211 |    132 |    132 |   3170 |   7 |  620.4 |
               +--------+--------+--------+--------+--------+-----+--------+

Top non-repeatable levels by time:
     D:5: 1047 daAuts
     D:3: 921 daAuts
     D:4: 661 daAuts
     D:1: 658 daAuts
     D:2: 655 daAuts
     D:7: 314 daAuts
     D:6: 85 daAuts
